 Dungeon Crawl Stone Soup version 0.19.1-28-ge1247f7 (webtiles) character file.

2731 dngmouse the Basher (level 9, -1/79 HPs)
             Began as a Minotaur Fighter on Jan 21, 2017.
             Was a Priest of Okawaru.
             Slain by a fire elemental (7 damage)
             ... summoned by a deep elf mage
             ... on level 6 of the Dungeon.
             The game lasted 00:18:05 (4320 turns).

dngmouse the Basher (Minotaur Fighter)              Turns: 4320, Time: 00:18:06

Health: -1/79      AC: 13    Str: 21    XL:     9   Next: 40%
Magic:  9/11       EV: 12    Int:  5    God:    Okawaru [***...]
Gold:   469        SH: 12    Dex: 16    Spells: 0 memorised, 8 levels left

rFire  . . .     SeeInvis .     a - +3 flail (venom)
rCold  . . .     Gourm    .     g - +0 chain mail
rNeg   . . .     Faith    .     c - +0 shield
rPois  .         Spirit   .     (helmet restricted)
rElec  .         Reflect  .     (no cloak)
rCorr  .         Harm     .     (no gloves)
MR     .....                    i - +0 pair of boots
Stlth  ..........               (no amulet)
                                w - +2 ring of evasion
                                y - +3 ring of dexterity

@: liquid flames, heroism, glowing
A: retaliatory headbutt, horns 2
a: Heroism, Renounce Religion


You were on level 6 of the Dungeon.
You worshipped Okawaru.
Okawaru was most pleased with you.
You were not hungry.

You visited 2 branches of the dungeon, and saw 7 of its levels.
You also visited: Ossuary.

You collected 469 gold pieces.

Inventory:

Hand Weapons
 a - a +3 flail of venom (weapon)
 b - a +0 whip of electrocution
Armour
 c - a +0 shield (worn)
 g - a +0 chain mail (worn)
 i - a +0 pair of boots (worn)
Jewellery
 j - a +3 ring of intelligence
 r - an uncursed ring of ice
 w - a +2 ring of evasion (right hand)
 y - a +3 ring of dexterity (left hand)
Wands
 o - a wand of disintegration (15/24)
 p - a wand of random effects (11/48)
 u - a wand of lightning (8/15)
 L - a wand of digging (5/24)
 N - a wand of slowing (23/48)
Scrolls
 e - 2 scrolls of enchant armour {unknown}
 k - 6 scrolls of identify
 l - a scroll of random uselessness {unknown}
 n - 2 scrolls of noise {unknown}
 q - 5 scrolls of magic mapping {unknown}
 s - 2 scrolls of fear {unknown}
 v - 4 scrolls of amnesia {unknown}
 x - a scroll of vulnerability {unknown}
 A - 2 scrolls of teleportation {unknown}
 E - a scroll of remove curse {unknown}
 I - a scroll of recharging {unknown}
 J - a scroll of blinking {unknown}
Potions
 d - 2 potions of might
 z - 3 potions of curing
 B - a potion of cancellation {unknown}
 C - 2 potions of degeneration {unknown}
 D - a potion of lignification {unknown}
 F - a potion of berserk rage
 H - a potion of heal wounds
 K - a potion of cure mutation {unknown}
 M - a potion of ambrosia
 O - a potion of magic {unknown}
Comestibles
 f - 6 bread rations
 h - 5 fruits
 m - 2 beef jerkies
 t - 2 royal jellies
 G - 2 meat rations
 P - 3 chunks of flesh


   Skills:
 * Level 7.4(12.4) Fighting
 - Level 12.0(17.0) Maces & Flails
 + Level 5.0(10.0) Armour
 - Level 3.6(8.6) Shields
 + Level 5.1 Invocations


You had 8 spell levels left.
You didn't know any spells.

Dungeon Overview and Level Annotations

Branches:
Dungeon (6/15)             Temple (1/1) D:4

Altars:
Ashenzari
Cheibriados
Dithmenos
Elyvilon
Fedhas
Hepliaklqana
Kikubaaqudgha
Nemelex Xobeh
Okawaru
Qazlal
Sif Muna
Trog
Uskayaw
Vehumet
Xom
Zin
The Shining One

Shops:
D:5 (


Innate Abilities, Weirdness & Mutations

You reflexively headbutt those who attack you in melee.
You have a pair of horns on your head.


Message History

The fire elemental closely misses you.
You block the fire elemental's attack. x2
You hit the deep elf mage.
The deep elf mage is poisoned.
Your headbutt misses the deep elf mage.
The deep elf mage is lightly wounded.
The deep elf mage hits you with a rapier.
You block the fire elemental's attack. The fire elemental misses you.
You sock the deep elf mage!
The deep elf mage looks as sick as possible!
You headbutt the deep elf mage.
The deep elf mage is severely wounded.
The deep elf mage points at you and mumbles some strange words.
The sticky flame hits you!
You are covered in liquid flames!
* * * LOW HITPOINT WARNING * * *
The fire elemental hits you. The fire elemental burns you!
* * * LOW HITPOINT WARNING * * *
The fire elemental hits you.
* * * LOW HITPOINT WARNING * * *
The fire elemental burns you!
You die...

#...# #.#
#...#####.######..
..................
....###.##........ .#
#.......#..####### ###.#
..#.#####..#. ...# .##.#
#..#.. ...#
.##.#####..#'''######8.#
...........#..⌠e@E.....#
....#####..#...'.E§....#
...........#..%'.§.....#
....##..#..#+++######8.##
#....#.....# .........#
##.#..[....# .........#
.......##..# #########..#
......####..............#
..[...###..#.........#..#


You could see a deep elf mage and 2 fire elementals.

Vanquished Creatures
  Pikel (D:6)
  The ghost of dngmouse the Cudgeler, an amateur MiFi (D:5)
  Grinder (D:6)
  Sigmund (D:6)
  Eustachio (D:6)
  Edmund (D:5)
  Duvessa (D:5)
  An ogre (D:6)
  An elf zombie (Ossuary)
  2 bullfrogs (D:6)
  Dowan (D:5)
  3 scorpions
  2 crimson imps (D:5)
  A bullfrog zombie (D:5)
  2 centaur zombies (Ossuary)
  4 orc priests (D:6)
  2 human zombies (Ossuary)
  2 hounds (D:6)
  3 iguanas
  2 orc wizards
  3 worker ants
  A killer bee zombie (D:6)
  3 big kobold zombies (Ossuary)
  A hound zombie (D:5)
  A hound skeleton (D:5)
  3 mummies (Ossuary)
  A worker ant zombie (D:6)
  3 gnolls (D:5)
  6 adders
  3 adder zombies (Ossuary)
  2 worms (D:2)
  2 dart slugs (D:2)
  3 leopard geckos
  13 orcs
  5 giant cockroaches
  8 goblins
  4 hobgoblins
  10 jackals
  7 kobolds
  3 quokkas
  2 ball pythons
  6 bats
  2 frilled lizards
  A gnoll zombie (Ossuary)
  A goblin zombie (Ossuary)
  2 hobgoblin zombies (Ossuary)
  7 jackal zombies
  4 kobold zombies (Ossuary)
  An orc zombie (Ossuary)
  3 quokka zombies (Ossuary)
  13 rats
  7 rat zombies (Ossuary)
164 creatures vanquished.

Vanquished Creatures (others)
  Menkaure (D:6)
  3 slaves (D:6)
  A bullfrog (D:6)
  An orc priest (D:6)
  An orc (D:6)
  A quokka zombie (D:5)
8 creatures vanquished.

Grand Total: 172 creatures vanquished

Notes
Turn   | Place    | Note
-------+----------+-------------------------------------------
     0 | D:1      | dngmouse the Minotaur Fighter began the quest for the Orb.
     0 | D:1      | Reached XP level 1. HP: 19/19 MP: 0/0
   113 | D:1      | Reached skill level 3 in Maces & Flails
   209 | D:1      | Reached XP level 2. HP: 25/27 MP: 1/1
   641 | D:2      | Reached XP level 3. HP: 33/33 MP: 2/2
   644 | D:2      | Reached skill level 4 in Maces & Flails
   787 | D:2      | Reached XP level 4. HP: 38/40 MP: 3/3
   800 | D:2      | Reached skill level 5 in Maces & Flails
   837 | D:2      | Found a glowing golden altar of the Shining One.
  1409 | D:3      | Found a shadowy altar of Dithmenos.
  1441 | D:3      | Found a bloodstained altar of Trog.
  1521 | D:3      | Found a stormy altar of Qazlal.
  1535 | D:3      | Found a glowing silver altar of Zin.
  1747 | D:4      | Reached skill level 6 in Maces & Flails
  1747 | D:4      | Reached XP level 5. HP: 43/46 MP: 4/4
  1944 | D:4      | Found a staircase to the Ecumenical Temple.
  2014 | Temple   | Entered the Ecumenical Temple
  2104 | Temple   | Became a worshipper of Warmaster Okawaru
  2208 | D:4      | Reached skill level 7 in Maces & Flails
  2475 | D:5      | Entered Level 5 of the Dungeon
  2486 | D:5      | Reached XP level 6. HP: 51/52 MP: 5/5
  2520 | D:5      | Found Cenuduat's Weapon Boutique.
  2559 | D:5      | Reached skill level 8 in Maces & Flails
  2615 | D:5      | Reached * piety under Okawaru
  2650 | D:5      | Found a radiant altar of Vehumet.
  2695 | D:5      | Reached skill level 9 in Maces & Flails
  2695 | D:5      | Reached XP level 7. HP: 46/59 MP: 6/6
  2766 | D:5      | Noticed dngmouse's ghost (amateur MiFi)
  2774 | D:5      | Noticed Duvessa
  2774 | D:5      | Noticed Dowan
  2774 | D:5      | Noticed Edmund
  2784 | D:6      | Noticed Eustachio
  2784 | D:6      | Noticed Pikel
  2806 | D:6      | Killed Pikel
  2806 | D:6      | Reached skill level 11 in Maces & Flails
  2806 | D:6      | Reached XP level 8. HP: 57/66 MP: 7/7
  2833 | D:6      | Killed Eustachio
  2833 | D:6      | Reached ** piety under Okawaru
  2862 | D:6      | Reached skill level 1 in Invocations
  2932 | D:6      | Noticed Menkaure
  2959 | D:6      | Killed Menkaure
  3052 | D:6      | Noticed Sigmund
  3073 | D:6      | Killed Sigmund
  3073 | D:6      | Reached skill level 5 in Fighting
  3141 | D:5      | Found a sand-covered staircase.
  3146 | Ossuary  | Entered an ossuary
  3206 | Ossuary  | Reached skill level 12 in Maces & Flails
  3453 | D:5      | Killed Dowan
  3471 | D:5      | Killed Duvessa
  3471 | D:5      | Reached *** piety under Okawaru
  3471 | D:5      | Reached XP level 9. HP: 49/75 MP: 10/10
  3485 | D:5      | Killed Edmund
  3801 | D:5      | Found a shattered altar of Ashenzari.
  3849 | D:5      | Killed dngmouse's ghost
  4027 | D:6      | Noticed Grinder
  4028 | D:6      | Paralysed by Grinder for 5 turns
  4037 | D:6      | Killed Grinder
  4037 | D:6      | Reached skill level 5 in Invocations
  4078 | D:6      | Found a hide-covered altar of Uskayaw.
  4124 | D:6      | Reached skill level 5 in Armour
  4207 | D:6      | Found a deep blue altar of Sif Muna.
  4307 | D:6      | Noticed a deep elf mage
  4320 | D:6      | Slain by a fire elemental

Skill      XL: |  1  2  3  4  5  6  7  8  9 |
---------------+----------------------------+-----
Maces & Flails | 3 4 6 7 9 11 12 | 12.0
Fighting       | 4 6 7 |  7.4
Invocations    | 3 5 |  5.1
Armour         | 4 5 |  5.0
Shields        | |  3.6

Action                   |  1- 3 |  4- 6 |  7- 9 || total
-------------------------+-------+-------+-------++-------
Melee: Flail             |    91 |   137 |    85 ||   313
       Headbutt          |    13 |    27 |    60 ||   100
       Whip              |       |       |   153 ||   153
Invok: Heroism           |       |       |     3 ||     3
  Use: Scroll            |       |     1 |       ||     1
       Potion            |       |       |     6 ||     6
  Eat: Chunk             |       |     6 |     5 ||    11
Armor: Chain mail        |    53 |    53 |    78 ||   184
Dodge: Dodged            |    29 |    37 |    49 ||   115
Block: Shield            |    36 |    53 |    83 ||   172
